 Dungeon Crawl Stone Soup version 0.21.1-1-g345015f (webtiles) character file.

6271 Fang the Cleaver (level 10, -21/97 HPs)
             Began as a Gargoyle Berserker on June 4, 2018.
             Was a High Priest of Trog.
             Killed from afar by Erolcha (53 damage)
             ... with a crystal spear
             ... on level 9 of the Dungeon.
             The game lasted 00:13:36 (9440 turns).

Fang the Cleaver (Gargoyle Berserker)               Turns: 9440, Time: 00:13:37

Health: -21/97     AC: 11    Str: 29    XL:     10   Next: 94%
Magic:  11/11      EV: 16    Int:  8    God:    Trog [*****.]
Gold:   588        SH:  0    Dex: 18    Spells: 9/9 levels left

rFire    . . .     SeeInvis .   a - +2 hand axe
rCold    . . .     Gourm    .   (no shield)
rNeg     + . .     Faith    .   b - +1 leather armour "Zienanum" {Dex+9}
rPois    ∞         Spirit   .   w - +1 hat
rElec    +         Reflect  .   (no cloak)
rCorr    .         Harm     .   (no gloves)
MR       .....                  (no boots)
Stlth    ..........             (no amulet)
HPRegen  0.66/turn              u - ring of stealth
MPRegen  0.12/turn              (no ring)

@: berserking, very quick
A: fangs 1, deformed body, high mp 1, negative energy resistance 1, regeneration
1, electricity resistance, unbreathing, petrification resistance, rot immunity,
AC +7
a: Berserk, Trog's Hand, Brothers in Arms, Burn Spellbooks, Renounce Religion


You were on level 9 of the Dungeon.
You worshipped Trog.
Trog was extremely pleased with you.
You were very hungry.

You visited 2 branches of the dungeon, and saw 10 of its levels.

You collected 588 gold pieces.

Inventory:

Hand Weapons
 a - a +2 hand axe (weapon)
Armour
 b - the +1 leather armour "Zienanum" (worn) {Dex+9}
   (You found it on level 7 of the Dungeon)

   It affects your dexterity (+9).
 l - the +1 leather armour of Virtue {MP+9 Int+3 SInv}
   (You found it on level 6 of the Dungeon)

   It affects your intelligence (+3).
   It affects your magic capacity (+9).
   It lets you see invisible.
 w - a +1 hat (worn)
Jewellery
 u - a ring of stealth (left hand)
Wands
 d - a wand of iceblast (11)
 v - a wand of flame (37)
Scrolls
 g - 7 scrolls of teleportation
 h - a scroll of remove curse
 k - 5 scrolls of identify
 x - a scroll of holy word {unknown}
Potions
 e - a potion of flight
 f - 2 potions of heal wounds
 i - 2 potions of magic
 m - 2 potions of might
 n - 6 potions of curing
 o - a potion of resistance
 q - 2 potions of lignification
 s - a potion of haste
 t - a potion of agility
Books
 p - a book of Cantrips

   Spells                             Type                      Level
   a - Confusing Touch                Hexes                        1
   b - Animate Skeleton               Necromancy                   1
   c - Summon Small Mammal            Summoning                    1
   d - Apportation                    Translocation                1
   Trog disapproves of the use of such an item.
 r - a book of Necromancy

   Spells                             Type                      Level
   a - Pain                           Necromancy                   1
   b - Animate Skeleton               Necromancy                   1
   c - Vampiric Draining              Necromancy                   3
   d - Regeneration                   Charms/Necromancy            3
   e - Animate Dead                   Necromancy                   4
   f - Borgnjor's Vile Clutch         Necromancy/Earth             5
   Trog disapproves of the use of such an item.
Comestibles
 c - 4 rations


   Skills:
 + Level 8.5 Fighting
 + Level 10.5 Axes
 + Level 4.6 Armour
 + Level 6.4 Dodging
 + Level 5.0 Stealth


You had 9 spell levels left.
You didn't know any spells.

Dungeon Overview and Level Annotations

Branches:
Dungeon (9/15)             Temple (1/1) D:6
   Lair: D:8-11         Orc: D:9-12

Altars:
Ashenzari
Cheibriados
Dithmenos
Elyvilon
Fedhas
Gozag
Hepliaklqana
Kikubaaqudgha
Makhleb
Nemelex Xobeh
Okawaru
Qazlal
Ru
Sif Muna
Trog
Uskayaw
Vehumet
Wu Jian
Xom
Yredelemnul
Zin
The Shining One
Lugonu

Shops:
D:6 [

Annotations:
D:9 Erolcha


Innate Abilities, Weirdness & Mutations

You are resistant to torment.
Your stone body is resilient. (AC +7)
You are immune to poison.
You resist negative energy. (rN+)
You are resistant to electric shocks. (rElec)
You can survive without breathing.
You are immune to petrification.
You are immune to rotting.
You have very sharp teeth.
Armour fits poorly on your strangely shaped body.
You have an increased reservoir of magic. (+10% MP)
Your natural rate of healing is unusually fast.


Message History

Your Stealth skill increases to level 5!
You hit the hungry ghost. You slash Erolcha!
Erolcha screams, "Stand!
Erolcha hit you!" Erolcha closely misses you.
Erolcha hits you with a giant spiked club!
The hungry ghost misses you.
You see here a worker ant corpse.
Unknown command.
You slash Erolcha! You bite Erolcha.
Erolcha is heavily wounded.
You miss the hungry ghost.
Unknown command.
You barely miss Erolcha.
Erolcha is heavily wounded.
You hit the hungry ghost.
Erolcha roars.
Erolcha gestures at you while chanting. The crystal spear hits you!
Ouch! That really hurt!
You die...

......####### #...
..#'######### #..#
...#.......... #..#
...#..........
#..##...#..........
#.......#..........
#.......#..........
#.......#..........
#.@O....#†.##.#####
#W....###..##.##...
#..#..#.....#......
#..#..#.....#......
#..#..'.....#......
#..#..#.....#......
#..#..#.....#......
#..#..#.....#......
#.....##...##...##.


You could see Erolcha and a hungry ghost.

Vanquished Creatures
  Erica (D:8)
  The ghost of zuik the Severer, a novice MiBe of Trog (D:9)
  A two-headed ogre (D:8)
  Grinder (D:3)
  A hippogriff (D:7)
  Grum (D:9)
  A hungry ghost (D:8)
  2 orc warriors
  3 black bears
  An ice beast (D:8)
  2 phantoms
  A sky beast (D:8)
  3 ogres
  4 centaurs
  2 wolves (D:9)
  A crocodile (D:9)
  The ghost of Fang the Skirmisher, an amateur GrBe of Trog (D:4)
  A big kobold (D:7)
  6 bullfrogs
  2 scorpions
  5 wights (D:7)
  A centaur zombie (D:8)
  3 crimson imps
  2 quasits
  3 bullfrog skeletons
  5 hounds
  An orc priest (D:9)
  2 centaur skeletons
  7 orc wizards
  Ijyb (D:5)
  An iguana (D:4)
  5 worker ants
  2 hound skeletons
  2 worker ant zombies
  14 adders
  3 gnolls (D:6)
  A howler monkey skeleton (D:5)
  4 shadow imps
  An ooze (D:2)
  An adder zombie (D:6)
  3 worms
  A dart slug (D:1)
  5 leopard geckos
  26 orcs
  7 giant cockroaches
  5 goblins
  8 hobgoblins
  15 jackals
  4 quokkas
  A ball python (D:1)
  4 bats
  3 frilled lizards
  15 kobolds
  8 rats
205 creatures vanquished.

Vanquished Creatures (others)
  2 bats (D:1)
2 creatures vanquished.

Grand Total: 207 creatures vanquished

Notes
Turn   | Place    | Note
-------+----------+-------------------------------------------
     0 | D:1      | Fang the Gargoyle Berserker began the quest for the Orb.
     0 | D:1      | Reached XP level 1. HP: 14/14 MP: 1/1
    30 | D:1      | You fall through a shaft!
   238 | D:2      | Found a stormy altar of Qazlal.
   241 | D:2      | Found a shimmering altar of Xom.
   241 | D:2      | Found a radiant altar of Vehumet.
   285 | D:2      | Reached XP level 2. HP: 16/20 MP: 2/2
   462 | D:2      | Reached skill level 1 in Stealth
   462 | D:2      | Reached XP level 3. HP: 19/24 MP: 3/3
   791 | D:2      | Found a shattered altar of Ashenzari.
   907 | D:2      | Found a bloodstained altar of Trog.
   935 | D:2      | Reached ** piety under Trog
  1220 | D:2      | Reached XP level 4. HP: 20/29 MP: 4/4
  1445 | D:1      | Reached skill level 3 in Axes
  2332 | D:3      | Reached XP level 5. HP: 24/34 MP: 5/5
  2659 | D:3      | Found a white marble altar of Elyvilon.
  2954 | D:3      | Noticed Grinder
  2957 | D:3      | Paralysed by Grinder for 3 turns
  2966 | D:3      | Killed Grinder
  2966 | D:3      | Reached skill level 4 in Axes
  2966 | D:3      | Reached XP level 6. HP: 40/40 MP: 6/6
  3214 | D:4      | Noticed Fang's ghost (amateur GrBe)
  3226 | D:4      | Killed Fang's ghost
  3321 | D:4      | Reached skill level 5 in Axes
  3323 | D:4      | Reached XP level 7. HP: 38/44 MP: 7/7
  3372 | D:4      | Reached skill level 5 in Fighting
  3653 | D:4      | Reached *** piety under Trog
  4295 | D:5      | Entered Level 5 of the Dungeon
  4652 | D:5      | Reached skill level 6 in Axes
  4723 | D:5      | Reached XP level 8. HP: 46/50 MP: 8/8
  4770 | D:5      | Noticed Ijyb
  4781 | D:5      | Killed Ijyb
  5232 | D:5      | Found a deep blue altar of Sif Muna.
  5576 | D:6      | Reached skill level 7 in Axes
  5671 | D:6      | Found Caizir's Antique Armour Boutique.
  6334 | D:6      | Reached **** piety under Trog
  6337 | D:6      | Reached XP level 9. HP: 56/56 MP: 9/9
  6349 | D:6      | Gained mutation: You have large cloven feet. [potion of mutation]
  6349 | D:6      | Gained mutation: Your mind is acute. (Int +2) [potion of mutation]
  6349 | D:6      | Gained mutation: You have an increased reservoir of magic. (+10% MP) [potion of mutation]
  6349 | D:6      | Gained mutation: Your spells are a little harder to cast, but a little more powerful. [potion of mutation]
  6435 | D:6      | Got a steaming leather armour
  6461 | D:6      | Identified the cursed +1 leather armour of Virtue {MP+9 Int+3 SInv} (You found it on level 6 of the Dungeon)
  6482 | D:6      | Reached skill level 5 in Dodging
  6540 | D:6      | Reached skill level 8 in Axes
  6694 | D:6      | Found a staircase to the Ecumenical Temple.
  6893 | Temple   | Entered the Ecumenical Temple
  7418 | D:7      | Found a hide-covered altar of Uskayaw.
  7713 | D:7      | Found a basalt altar of Yredelemnul.
  8045 | D:7      | Got an amber-encrusted leather armour
  8056 | D:7      | Identified the +1 leather armour "Zienanum" {Dex+9} (You found it on level 7 of the Dungeon)
  8187 | D:8      | Noticed a two-headed ogre
  8198 | D:8      | Killed a two-headed ogre
  8198 | D:8      | Reached skill level 9 in Axes
  8198 | D:8      | Reached XP level 10. HP: 63/63 MP: 11/11
  8247 | D:8      | Found a sparkling altar of Nemelex Xobeh.
  8303 | D:8      | Found a shadowy altar of Dithmenos.
  8454 | D:8      | Paralysed by fainting for 5 turns
  8459 | D:8      | Paralysed by fainting for 11 turns
  8491 | D:8      | Noticed Erica
  8505 | D:8      | Killed Erica
  8611 | D:8      | Found a blossoming altar of Fedhas.
  8690 | D:8      | Found a glowing golden altar of the Shining One.
  8699 | D:8      | Reached skill level 10 in Axes
  8711 | D:8      | Lost mutation: Your mind is acute. (Int +2) [potion of mutation]
  8711 | D:8      | Lost mutation: You have large cloven feet. [potion of mutation]
  8711 | D:8      | Lost mutation: Your spells are a little harder to cast, but a little more powerful. [potion of mutation]
  8711 | D:8      | Gained mutation: Your natural rate of healing is unusually fast. [potion of mutation]
  8711 | D:8      | Gained mutation: Armour fits poorly on your strangely shaped body. [potion of mutation]
  8711 | D:8      | Gained mutation: You have very sharp teeth. [potion of mutation]
  8742 | D:9      | Noticed Grum
  8759 | D:9      | Killed Grum
  8817 | D:9      | Found an ancient bone altar of Kikubaaqudgha.
  8844 | D:9      | Found an ornate altar of the Wu Jian Council.
  8861 | D:9      | Reached ***** piety under Trog
  9290 | D:9      | Noticed zuik's ghost (novice MiBe)
  9314 | D:9      | Killed zuik's ghost
  9425 | D:9      | Noticed Erolcha
  9437 | D:9      | Reached skill level 5 in Stealth
  9440 | D:9      | Killed from afar by Erolcha

Skill      XL: |  1  2  3  4  5  6  7  8  9 10 |
---------------+-------------------------------+-----
Fighting       | 4 5 6 7 8 |  8.5
Stealth        | 1 2 3 5 |  5.0
Dodging        | 2 3 4 5 6 |  6.4
Axes           | 3 4 5 6 7 9 10 | 10.5
Armour         | 3 4 |  4.6

Action                   |  1- 3 |  4- 6 |  7- 9 | 10-12 || total
-------------------------+-------+-------+-------+-------++-------
Melee: Hand axe          |   101 |   198 |   428 |   192 ||   919
       Kick              |       |       |    50 |    27 ||    77
       Bite              |       |       |       |    16 ||    16
Invok: Berserk           |     1 |     3 |     7 |     6 ||    17
  Use: Scroll            |       |       |    23 |     1 ||    24
       Potion            |       |       |     1 |     1 ||     2
 Stab: Sleeping          |       |       |     4 |     5 ||     9
  Eat: Chunk             |     1 |     7 |    14 |    10 ||    32
       Ration            |       |     1 |     2 |     2 ||     5
Armor: Animal skin       |    48 |    68 |    90 |       ||   206
       Leather armour    |       |       |    52 |    42 ||    94
Dodge: Dodged            |    78 |   156 |   309 |   116 ||   659
